AoeStats
← yanachoua

Oasis

509161127Analyzed
4v4 RM · 8d ago on Sep 25, 2026· 37m 20s· 8 players
Game mode
Random Map
Map size
Large (8 player)
Population
200
Speed
Normal
Resources
Standard
Victory
Conquest
Starting age
Dark Age
Ending age
Imperial Age
RankedLock teamsTeams togetherTeam positionsShared explorationLock speedFull tech treeHidden civsTurbo modeCheats
Victory
Defeat
🇹🇼 Danes · Taiwan
1146
+17
🇮🇹 Mongols · Italy
1146
+17
🇹🇼 Franks · Taiwan
1137
+17
🇹🇼 Byzantines · Taiwan
1086
+19
🇩🇪 Danes · Germany
1312
-23
1301
-23
🇩🇪 Byzantines · Germany
1077
-14
🇩🇪 Persians · Germany
979
-10
yanachoua
8:10 Loom
12:05 Feudal Age
16:55 Castle Age
14:53 Double-Bit Axe
19:26 Bow Saw
24:51 Wheelbarrow
26:25 Gold Mining
30:07 Imperial Age
31:38 Ballistics
32:19 Chemistry
31:33 Forging
31:28 Scale Barding Armor
31:57 Cavalier
32:37 Husbandry
33:24 Hand Cart
32:55 Town Watch
33:49 Gold Shaft Mining
33:04 Stone Mining
34:12 Conscription
33:54 Chivalry
36:21 Paladin
a4895766000
10:52 Feudal Age
12:48 Loom
19:23 Castle Age
17:17 Horse Collar
17:45 Double-Bit Axe
18:58 Gold Mining
33:05 Imperial Age
31:53 Wheelbarrow
30:47 Crossbowman
32:10 Thumb Ring
36:34 Arbalester
THEWATERLEMON
10:26 Feudal Age
8:42 Loom
16:52 Castle Age
14:49 Double-Bit Axe
17:08 Horse Collar
20:42 Heavy Plow
21:47 Scale Barding Armor
25:40 Forging
25:30 Scale Mail Armor
26:49 Bow Saw
26:55 Bloodlines
28:30 Husbandry
28:36 Scale Mail Armor
30:17 Gold Mining
32:58 Wheelbarrow
35:43 Imperial Age
33:55 Hand Cart
35:26 Fletching
36:05 Capped Ram
38:10 Gold Shaft Mining
37:28 Stone Mining
cmpunk9489
6:58 Loom
9:51 Feudal Age
9:56 Man-at-Arms
11:47 Double-Bit Axe
13:02 Arson
15:58 Scale Mail Armor
16:31 Forging
21:49 Castle Age
21:13 Gold Mining
21:38 Horse Collar
22:51 Chain Mail Armor
22:38 Squires
22:24 Gambesons
23:11 Bow Saw
25:20 Heavy Plow
26:44 Wheelbarrow
30:37 Iron Casting
32:09 Hamask
35:33 Fletching
kingnick8238
5:29 Loom
14:26 Feudal Age
16:11 Double-Bit Axe
16:26 Fletching
16:39 Padded Archer Armor
24:39 Wheelbarrow
26:15 Horse Collar
33:32 Castle Age
32:54 Gold Mining
34:46 Bow Saw
34:42 Heavy Plow
[Sacred Fart] Turk Turkelton
7:22 Loom
10:06 Feudal Age
10:52 Loom
11:06 Double-Bit Axe
11:02 Horse Collar
12:33 Wheelbarrow
11:43 Town Watch
19:53 Castle Age
21:10 Bow Saw
21:01 Heavy Plow
22:08 Hand Cart
27:00 Imperial Age
25:18 Arson
25:40 Squires
28:23 Scale Mail Armor
28:35 Forging
29:42 Conscription
29:07 Capped Ram
31:46 Chain Mail Armor
32:59 Plate Mail Armor
32:41 Elite Varangian Guard
33:41 Pikeman
34:17 Shield Wall
35:01 Gambesons
35:25 Halberdier
37:41 Iron Casting
Creed
10:53 Feudal Age
14:26 Castle Age
13:09 Double-Bit Axe
13:07 Horse Collar
16:42 Heavy Plow
23:18 Forging
25:00 Loom
27:13 Scale Mail Armor
26:53 Man-at-Arms
27:46 Gambesons
27:51 Long Swordsman
30:36 Iron Casting
32:38 Chain Mail Armor
31:58 Hamask
34:47 Squires
35:09 Fletching
Beltscharzar
12:23 Feudal Age
14:16 Loom
17:26 Castle Age
15:27 Double-Bit Axe
16:15 Horse Collar
18:49 Bow Saw
24:34 Wheelbarrow
25:13 Forging
26:31 Town Watch
28:55 Hand Cart
30:41 Pikeman
31:21 Squires
33:59 Imperial Age
32:51 Bloodlines
32:44 Husbandry
34:37 Cavalier
34:43 Halberdier
Connection lost

Rejoining the realm…

Still unreachable

The connection could not be restored.

Session expired

The server has moved on; the page needs a fresh start.